Map: Ascension to Aiur LE

Players

Gemini

  • Race: Protoss Protoss
  • League: Grandmaster
  • Spawn Location: 5:00

A.I. 1 (Very Easy) - Winner!

  • Race: Protoss Protoss
  • Spawn Location: 11:00

VOD

Have the link to the VOD?

Description

Time

  • Played on: Jan. 6, 2018, 11:01 p.m.
  • Length: 8:55
Show
View Real Time Build Order
Export as new Build Order

Gemini Protoss 

Build Orders: Phoenix Opening, Zealot Archon 

Get SALT Encoding   

  12  0:01  Probe  
  13  0:13  Probe  
  14  0:17  Pylon  
  14  0:25  Probe  
  15  0:35  Gateway  
  15  0:37  Probe (Chrono Boost)  
  16  0:46  Probe (Chrono Boost)  
  16  0:47  Assimilator  
  17  0:51  Probe (Chrono Boost)  
  17  0:55  Assimilator  
  18  1:03  Probe (Chrono Boost)  
  19  1:07  Gateway  
  19  1:12  Probe (Chrono Boost)  
  19  1:18  Probe  
  20  1:24  Cybernetics Core  
  21  1:30  Probe  
  22  1:34  Pylon  
  22  1:42  Probe  
  24  1:54  Probe  
  24  2:02  Stalker, Sentry  
  24  2:04  Warp Gate  
  24  2:07  Pylon  
  28  2:34  Stargate  
  28  2:37  Nexus  
  28  2:50  Stalker  
  30  2:53  Stalker  
  32  3:01  Shield Battery  
  32  3:06  Probe  
  33  3:16  Phoenix (Chrono Boost)  
  33  3:18  Probe  
  36  3:31  Probe  
  36  3:32  Phoenix (Chrono Boost)  
  39  3:49  Probe x2  
  39  3:50  Phoenix (Chrono Boost)  
  43  4:01  Probe x2  
  45  4:04  Robotics Facility  
  45  4:13  Probe x2  
  47  4:19  Assimilator  
  47  4:20  Assimilator  
  47  4:25  Probe  
  47  4:26  Probe, Forge  
  49  4:36  Phoenix  
  49  4:37  Probe  
  49  4:38  Probe  
  53  4:40  Pylon  
  53  4:49  Probe  
  53  4:50  Immortal  
  54  4:58  Probe  
  54  4:59  Pylon  
  59  5:00  Protoss Ground Weapons Level 1 (Chrono Boost)  
  59  5:02  Probe  
  60  5:10  Probe  
  61  5:16  Probe  
  61  5:18  Twilight Council  
  62  5:22  Probe  
  62  5:23  Pylon  
  63  5:29  Probe  
  64  5:37  Probe  
  64  5:42  Gateway x2  
  65  5:46  Gateway  
  65  5:51  Charge (Chrono Boost)  
  65  5:52  Immortal  
  69  6:03  Templar Archives  
  69  6:04  Pylon  
  69  6:06  Probe  
  69  6:07  Probe  
  71  6:18  Probe, Gateway  
  71  6:19  Probe  
  71  6:24  Zealot x2  
  77  6:28  Pylon  
  77  6:36  Probe x2  
  77  6:38  Protoss Ground Weapons Level 2 (Chrono Boost)  
  79  6:48  Probe x2  
  79  6:51  Nexus  
  81  6:55  Pylon, High Templar  
  81  6:56  High Templar  
  81  7:00  High Templar x2  
  81  7:01  Archon  
  89  7:07  Pylon  
  89  7:09  Archon  
  89  7:11  Probe  
  89  7:12  Probe  
  91  7:19  Gateway  
  91  7:21  Immortal (Chrono Boost), Gateway  
  91  7:24  Probe x2  
  97  7:31  Pylon  
  97  7:34  High Templar x2  
  97  7:36  Probe x2, Zealot  
  105  7:39  Archon  
  105  7:41  Zealot x2  
  109  7:48  Pylon  
  109  7:53  Zealot  
  109  7:55  Immortal  
  115  8:03  Assimilator  
  115  8:08  Assimilator  
  115  8:10  Pylon  
  115  8:15  Gateway  
  115  8:17  Gateway x2  
  116  8:20  Probe x3  
  116  8:22  High Templar  
  116  8:23  High Templar  
  122  8:28  Zealot x2, Archon  
  126  8:38  High Templar  
  126  8:39  High Templar  
  134  8:42  Archon  
  134  8:49  Zealot  
  134  8:50  Zealot  
Show
View Real Time Build Order
Export as new Build Order

A.I. 1 (Very Easy) Protoss - Winner!

Build Orders:  

Get SALT Encoding   

  12  0:00  Probe  
  13  0:13  Probe  
  14  0:19  Pylon  
  14  0:36  Assimilator  
  14  0:43  Gateway  
  14  0:47  Pylon  
  14  1:13  Assimilator  
  14  1:20  Probe  
  15  1:32  Probe  
  16  1:33  Cybernetics Core  
  16  1:44  Probe  
  17  1:56  Probe  
  18  2:08  Probe  
  18  2:10  Warp Gate, Stalker  
  21  2:20  Probe  
  22  4:37  Stalker  
  24  4:39  Pylon  
  24  4:51  Probe  
  23  5:03  Probe  
  23  5:06  Zealot  
  26  5:34  Stalker  
  26  5:35  Probe  
  29  5:38  Robotics Facility  
  29  5:41  Pylon  
  29  5:47  Probe  
  30  5:59  Probe  
  30  6:03  Stalker  
  31  6:11  Probe  
  32  6:24  Probe  
  34  6:26  Observer  
  34  6:33  Zealot  
  34  6:36  Probe  
  38  6:47  Observer  
  38  6:48  Probe  
  37  7:21  Nexus  
  37  7:28  Zealot  
  37  7:52  Probe  
  37  8:33  Probe  
  38  8:40  Probe  
  39  8:44  Assimilator  
  39  8:46  Assimilator  
Tags
 
Add a new tag
Caveats
  • Supply blocks, unpowered buildings, or Contaminate may cause inaccurate times.
  • Supply counts are checked every 10 seconds.